 Dungeon Crawl Stone Soup version 0.19.5 (webtiles) character file.

79 tof the Conjurer (level 3, -3/26 HPs)
             Began as a Demigod Conjurer on Mar 13, 2017.
             Slain by Terence
             ... wielding a +0 trident
              (4 damage)
             ... on level 3 of the Dungeon.
             The game lasted 00:05:07 (2015 turns).

tof the Conjurer (Demigod Conjurer)                 Turns: 2015, Time: 00:05:08

Health: -3/26      AC:  2    Str: 11    XL:     3   Next: 95%
Magic:  3/8        EV: 12    Int: 21    God:
Gold:   86         SH:  0    Dex: 16    Spells: 1 memorised, 4 levels left

rFire  . . .     SeeInvis .     (no weapon)
rCold  . . .     Gourm    .     t - +0 robe
rNeg   . . .     Faith    .     (no shield)
rPois  .         Spirit   .     (no helmet)
rElec  .         Reflect  .     (no cloak)
rCorr  .         Harm     .     (no gloves)
MR     .....                    (no boots)
Stlth  ++........               (no amulet)
                                (no ring)
                                (no ring)

@: no status effects
A: high mp 1
a: no special abilities


You were on level 3 of the Dungeon.
You were not hungry.

You visited 1 branch of the dungeon, and saw 3 of its levels.

You collected 86 gold pieces.

Inventory:

Armour
 t - a +0 robe (worn)
Scrolls
 d - 2 scrolls of teleportation {unknown}
 e - 2 scrolls of magic mapping {unknown}
 f - 2 scrolls of identify {unknown}
 j - a scroll of recharging {unknown}
 k - a scroll of enchant weapon {unknown}
 q - a scroll of fog {unknown}
 r - a scroll of noise {unknown}
Potions
 g - a potion of heal wounds {unknown}
 h - 2 potions of flight {unknown}
 l - a potion of brilliance {unknown}
 m - a potion of might {unknown}
 o - a potion of agility {unknown}
 p - a potion of degeneration {unknown}
 s - a potion of magic {unknown}
Books
 b - a book of Conjurations

   Spells                             Type                      Level
   a - Magic Dart                     Conjuration                  1
   b - Searing Ray                    Conjuration                  2
   c - Dazzling Spray                 Conjuration/Hexes            3
   d - Fulminant Prism                Conjuration/Hexes            4
   e - Iskenderun's Mystic Blast      Conjuration                  4
   f - Iskenderun's Battlesphere      Conjuration/Charms           5
Comestibles
 c - a bread ration
 i - 2 meat rations


   Skills:
 - Level 1.8 Dodging
 - Level 1.8 Stealth
 - Level 1.7 Spellcasting
 + Level 5.1 Conjurations


You had 4 spell levels left.
You knew the following spells:

 Your Spells              Type           Power        Failure   Level  Hunger
a - Magic Dart            Conj           ###.         1%          1    #......


Dungeon Overview and Level Annotations

Branches:
Dungeon (3/15)

Annotations:
D:3 Terence


Innate Abilities, Weirdness & Mutations

You have an increased reservoir of magic. (+10% MP)


Message History

Terence hits you with a trident.
* * * LOW HITPOINT WARNING * * *
Casting: Magic Dart
Confirm with . or Enter, or press ? or * to list all spells.
Aiming: Magic Dart
Press: ? - help, Shift-Dir - straight line, f/p - Terence
Aim: Terence, wielding a trident and wearing a shiny scale mail (moderately wounded)
The magic dart hits Terence.
Terence is heavily wounded.
Terence hits you with a trident.
* * * LOW HITPOINT WARNING * * *
Casting: Magic Dart
Confirm with . or Enter, or press ? or * to list all spells.
Aiming: Magic Dart
Press: ? - help, Shift-Dir - straight line, f/p - Terence
Aim: Terence, wielding a trident and wearing a shiny scale mail (heavily wounded)
The magic dart hits Terence.
Terence is heavily wounded.
Terence hits you with a trident.
You die...

#.#..#.....#....###
####.#..#.....#......#
#.......+.....#.<..#.#
#......##.....#..รท...####
#........................
#.#.#[..#####.#..........
#.#........##............
#.#.##..##.####..........
#.......@................
###.#.#@...##############
#.#.####.# #.#.# #.# #.#.#
#.# #.#.####@## ####
....##....# .g...
###.##.#..##..@...
#...............


You could see Terence.

Vanquished Creatures
  4 adders (D:2)
  2 dart slugs
  A worm (D:3)
  A leopard gecko (D:1)
  4 bats
  A giant cockroach (D:1)
  A goblin (D:2)
  5 hobgoblins
  2 kobolds (D:2)
  2 ball pythons
  4 frilled lizards
  11 rats
38 creatures vanquished.

Notes
Turn   | Place    | Note
-------+----------+-------------------------------------------
     0 | D:1      | tof the Demigod Conjurer began the quest for the Orb.
     0 | D:1      | Reached XP level 1. HP: 14/14 MP: 5/5
   385 | D:1      | Reached skill level 4 in Conjurations
   385 | D:1      | Reached XP level 2. HP: 20/20 MP: 2/7
   699 | D:1      | You fall through a shaft!
   809 | D:2      | Reached XP level 3. HP: 25/26 MP: 3/8
  1431 | D:2      | Reached skill level 5 in Conjurations
  1753 | D:3      | Noticed Terence
  2014 | D:3      | HP: 1/26 [Terence/trident (5)]
  2015 | D:3      | Slain by Terence

Skill      XL: |  1  2  3 |
---------------+----------+-----
Conjurations   | 4 5 |  5.1
Dodging        | |  1.8
Stealth        | |  1.8
Spellcasting   | |  1.7

Action                   || total
-------------------------++-------
Melee: Unarmed           ||     9
 Cast: Magic Dart        ||    88
  Eat: Chunk             ||     4
Armor: Robe              ||     5
Dodge: Dodged            ||    22
